Connexion

Stars vs Condors

Created - 20 septembre 2023 at 05:49

Goals
1 2 3 T
Stars 1 1 1 3
Condors 0 2 2 4
Shots
1 2 3 T
Stars 10 10 11 31
Condors 9 17 13 39

GoalsPenalties
1st period
1. Stars , Brad Morrison 6 (Ryan Rupert 4, Patrick McNally 7) at 15:42
Matthew Villalta (TEX) for Slashing (Minor) at 17:58 - Hudson Elynuik served the penalty.
2nd period
2. Condors , Joachim Blichfeld 13 (Connor Bunnaman 18, Anthony Camara 9) at 3:37
3. Stars , Kyle Olson 6 (Joseph Cecconi 5) at 4:15
4. Condors , Matt Filipe 8 (Jonathan Ang 12, Mike Callahan 9) at 13:34 (PP)
Brett Pollock (BAK) for Holding (Minor) at 7:41
Nicholas Caamano (TEX) for Holding (Minor) at 13:19
3rd period
5. Stars , Brad Morrison 7 (Nicolas Beaudin 10, Ryan Rupert 5) at 8:59 (PP)
6. Condors , Jonathan Ang 10 (Seth Barton 9) at 9:23
7. Condors , Jonathan Ang 11 (Brett Pollock 7, Joseph Masonius 9) at 19:18
Linus Nassen (BAK) for Interference (Minor) at 7:46
Ilya Lyubushkin (TEX) for Hooking (Minor) at 13:37
Goalie Stats
Matthew Villalta (TEX), 35 saves from 39 shots - (0,897), L, 7-6-1, 59:29 minutes
Andrew Shortridge (BAK), 28 saves from 31 shots - (0,903), W, 2-1-0, 60:00 minutes
3 StarsOfficial
1 - Jonathan Ang (BAK)
2 - Matt Filipe (BAK)
3 - Brad Morrison (TEX)
Referees : Mike Leggo and Chris Rooney
Linesman : Scott Cherrey and Shane Heyer
Game Note
No Game Note
Finance
Level 1 -- Attendance: 1198 (59,90%) -- Ticket Income 59 900 $
Level 2 -- Attendance: 757 (75,70%) -- Ticket Income 16 654 $
Total Attendance: 1955 (65,17%)
Total Ticket Income: 76 554 $
Other Income: 15 311 $
Total Income: 91 865 $



Team Name Goals Shots Shots Attemp Shots Blocked PIM HIT PP PK FO%
Stars 33167116281 / 2 (50%)138%
Condors 43974134181 / 3 (33%)162%

Stars
Player Name POS G A P +/- PIM HIT SHT SB MP PP MP PP SHT PK MP PK SHT FO% FOT
Brad MorrisonC202-1003111:430:1810:00035% 17
Christoph BertschyC/LW/RW000-1002011:390:0000:1400% 0
Gabriel BourqueLW/RW000-1004122:121:3802:41050% 4
Hudson ElynuikC/LW000-1063020:131:3800:42033% 30
Ilya LyubushkinD000-2232123:521:1801:1100% 0
Joseph CecconiD0111041019:491:5411:5200% 0
Kyle OlsonC/RW1011013016:091:1600:0000% 2
Kyle PlatzerC/RW000000008:560:1800:14033% 9
Liam CoughlinC/LW/RW000000008:240:0000:0000% 0
Macoy ErkampsD0000011215:450:0000:0600% 0
Matteson IacopelliLW/RW0001022016:091:1600:0000% 0
Matthew RobertsonD0000021016:120:0001:0400% 0
Matthew StromeLW000000109:150:0000:510100% 3
Nicholas CaamanoRW000-1212121:561:3812:2600% 0
Nicolas BeaudinD011-2000124:321:1802:2100% 0
Patrick McNallyD0111041319:491:5401:5200% 0
Ryan OlsenC0001011017:271:1601:18040% 20
Ryan RupertC/LW022-1034111:430:1800:0000% 0
Condors
Player Name POS G A P +/- PIM HIT SHT SB MP PP MP PP SHT PK MP PK SHT FO% FOT
Anthony CamaraLW/RW0111021021:192:4500:00050% 2
Brady Brassart C/RW0000003010:500:0000:00067% 3
Brett PollockLW/RW0111204017:481:2800:0000% 2
Connor BunnamanC/LW0111025023:302:4502:16060% 25
Joachim BlichfeldLW/RW1011004023:352:4512:16150% 6
Jonathan AngC2131017118:451:2800:56068% 25
Joseph MasoniusD0110030416:580:0000:3100% 0
Linus NassenD000-1210319:372:0400:4000% 0
Marcus DavidssonC/LW/RW000-100106:500:0000:0000% 0
Marcus VelaC0000012010:550:0000:00067% 12
Matt FilipeC/LW1011038019:441:2830:56050% 2
Matteo GennaroC/LW000-101006:500:0000:00075% 8
Mike CallahanD0112000123:051:3602:0100% 0
Pascal LabergeC/LW/RW000-100106:500:0000:0000% 0
Seth BartonD0112011322:252:0912:0100% 0
Simon FernholmD000-1010020:312:0401:1100% 0
Tate OlsonD0000010116:240:3300:0000% 0
Taylor CammarataC/LW0000012010:500:0000:0000% 0



Play-by-Play

1st period


0:01 of 1st period - Connor Bunnaman wins face-off versus Hudson Elynuik in neutral zone.
1:11 of 1st period - Shot by Jonathan Ang.
1:11 of 1st period - Shot Blocked by Patrick McNally.
1:17 of 1st period - Shot by Joseph Cecconi.
1:17 of 1st period - Shot Blocked by Linus Nassen.
1:19 of 1st period - Shot by Kyle Olson.
1:19 of 1st period - Stopped by Andrew Shortridge with a rebound.
1:21 of 1st period - Shot by Joseph Cecconi.
1:21 of 1st period - Shot Misses the Net.
1:58 of 1st period - Shot by Marcus Vela.
1:58 of 1st period - Shot Blocked by Patrick McNally.
2:00 of 1st period - Shot by Taylor Cammarata.
2:00 of 1st period - Shot Misses the Net.
2:02 of 1st period - Shot by Joseph Masonius.
2:02 of 1st period - Shot Misses the Net.
2:04 of 1st period - Shot by Brady Brassart .
2:04 of 1st period - Stopped by Matthew Villalta without a rebound.
2:05 of 1st period - Matteo Gennaro wins face-off versus Brad Morrison in Stars zone.
2:22 of 1st period - Shot by Brad Morrison.
2:22 of 1st period - Deflect By Ryan Rupert.
2:22 of 1st period - Stopped by Andrew Shortridge without a rebound.
2:23 of 1st period - Matthew Strome wins face-off versus Connor Bunnaman in Condors zone.
2:32 of 1st period - Shot by Joachim Blichfeld.
2:32 of 1st period - Shot Misses the Net.
2:44 of 1st period - Icing by Nicolas Beaudin.
2:45 of 1st period - Marcus Vela wins face-off versus Kyle Platzer in Stars zone.
2:51 of 1st period - Taylor Cammarata is hit by Ilya Lyubushkin and loses puck.
3:01 of 1st period - Nicolas Beaudin is hit by Seth Barton.
3:09 of 1st period - Shot by Matthew Strome.
3:09 of 1st period - Stopped by Andrew Shortridge without a rebound.
3:10 of 1st period - Connor Bunnaman wins face-off versus Hudson Elynuik in Condors zone.
4:01 of 1st period - Icing by Seth Barton.
4:02 of 1st period - Brad Morrison wins face-off versus Jonathan Ang in Condors zone.
4:34 of 1st period - Shot by Jonathan Ang.
4:34 of 1st period - Stopped by Matthew Villalta without a rebound.
4:35 of 1st period - Matteo Gennaro wins face-off versus Ryan Olsen in Stars zone.
4:50 of 1st period - Shot by Marcus Davidsson.
4:50 of 1st period - Stopped by Matthew Villalta without a rebound.
4:51 of 1st period - Brady Brassart wins face-off versus Kyle Platzer in Stars zone.
4:52 of 1st period - Shot by Taylor Cammarata.
4:52 of 1st period - Shot Misses the Net.
5:53 of 1st period - Shot by Nicholas Caamano.
5:53 of 1st period - Stopped by Andrew Shortridge with a rebound.
6:11 of 1st period - Shot by Hudson Elynuik.
6:11 of 1st period - Shot Blocked by Linus Nassen.
6:32 of 1st period - Icing by Macoy Erkamps.
6:33 of 1st period - Connor Bunnaman wins face-off versus Brad Morrison in Stars zone.
7:33 of 1st period - Jonathan Ang is hit by Ryan Rupert and loses puck.
8:20 of 1st period - Shot by Matteson Iacopelli.
8:20 of 1st period - Stopped by Andrew Shortridge without a rebound.
8:21 of 1st period - Matteo Gennaro wins face-off versus Hudson Elynuik in Condors zone.
8:21 of 1st period - Matteo Gennaro is hit by Hudson Elynuik.
9:11 of 1st period - Matthew Strome is hit by Anthony Camara and loses puck.
9:51 of 1st period - Shot by Brady Brassart .
9:51 of 1st period - Shot Misses the Net.
10:29 of 1st period - Shot by Kyle Olson.
10:29 of 1st period - Shot Misses the Net.
10:32 of 1st period - Icing by Mike Callahan.
10:33 of 1st period - Jonathan Ang wins face-off versus Hudson Elynuik in Condors zone.
10:33 of 1st period - Jonathan Ang is hit by Nicholas Caamano.
11:24 of 1st period - Icing by Jonathan Ang.
11:25 of 1st period - Matt Filipe wins face-off versus Ryan Olsen in Condors zone.
11:27 of 1st period - Brett Pollock is hit by Matteson Iacopelli and loses puck.
12:10 of 1st period - Shot by Anthony Camara.
12:10 of 1st period - Shot Blocked by Ilya Lyubushkin.
12:56 of 1st period - Shot by Marcus Davidsson.
12:56 of 1st period - Shot Blocked by Macoy Erkamps.
13:23 of 1st period - Ryan Rupert is hit by Matt Filipe and loses puck.
15:19 of 1st period - Kyle Olson is hit by Tate Olson and loses puck.
15:24 of 1st period - Shot by Kyle Olson.
15:24 of 1st period - Shot Misses the Net.
15:42 of 1st period - Shot by Brad Morrison.
15:42 of 1st period - Goal by Brad Morrison - Stars : 1 - Condors : 0.
15:43 of 1st period - Hudson Elynuik wins face-off versus Matt Filipe in neutral zone.
15:48 of 1st period - Shot by Hudson Elynuik.
15:48 of 1st period - Stopped by Andrew Shortridge without a rebound.
15:49 of 1st period - Connor Bunnaman wins face-off versus Kyle Platzer in Condors zone.
17:01 of 1st period - Shot by Brett Pollock.
17:01 of 1st period - Stopped by Matthew Villalta without a rebound.
17:02 of 1st period - Jonathan Ang wins face-off versus Ryan Olsen in Stars zone.
17:03 of 1st period - Shot by Matt Filipe.
17:03 of 1st period - Stopped by Matthew Villalta without a rebound.
17:04 of 1st period - Jonathan Ang wins face-off versus Ryan Olsen in Stars zone.
17:04 of 1st period - Jonathan Ang is hit by Matthew Robertson.
17:14 of 1st period - Off-side.
17:15 of 1st period - Marcus Vela wins face-off versus Brad Morrison in neutral zone.
17:15 of 1st period - Tate Olson is hit by Ryan Rupert and loses puck.
17:24 of 1st period - Shot by Ryan Rupert.
17:24 of 1st period - Stopped by Andrew Shortridge with a rebound.
17:26 of 1st period - Shot by Ryan Rupert.
17:26 of 1st period - Shot Blocked by Joseph Masonius.
17:28 of 1st period - Shot by Brad Morrison.
17:28 of 1st period - Shot Misses the Net.
17:30 of 1st period - Shot by Brad Morrison.
17:30 of 1st period - Stopped by Andrew Shortridge without a rebound.
17:31 of 1st period - Hudson Elynuik wins face-off versus Brett Pollock in Condors zone.
17:34 of 1st period - Shot by Gabriel Bourque.
17:34 of 1st period - Stopped by Andrew Shortridge without a rebound.
17:35 of 1st period - Hudson Elynuik wins face-off versus Jonathan Ang in Condors zone.
17:56 of 1st period - Shot by Matt Filipe.
17:56 of 1st period - Stopped by Matthew Villalta with a rebound.
17:58 of 1st period - Shot by Matt Filipe.
17:58 of 1st period - Stopped by Matthew Villalta without a rebound.
17:58 of 1st period - Minor Penalty to Matthew Villalta for Slashing.
17:59 of 1st period - Gabriel Bourque wins face-off versus Connor Bunnaman in Stars zone.
17:59 of 1st period - Gabriel Bourque is hit by Connor Bunnaman.
18:40 of 1st period - Gabriel Bourque is hit by Connor Bunnaman and loses puck.
19:03 of 1st period - Shot by Simon Fernholm.
19:03 of 1st period - Deflect By Jonathan Ang.
19:03 of 1st period - Shot Blocked by Nicolas Beaudin.
19:17 of 1st period - Shot by Matt Filipe.
19:17 of 1st period - Stopped by Matthew Villalta with a rebound.
19:19 of 1st period - Shot by Linus Nassen.
19:19 of 1st period - Shot Misses the Net.
19:21 of 1st period - Shot by Matt Filipe.
19:21 of 1st period - Stopped by Matthew Villalta without a rebound.
19:22 of 1st period - Matthew Strome wins face-off versus Connor Bunnaman in Stars zone.
19:45 of 1st period - Joseph Cecconi is hit by Anthony Camara and loses puck.
Goals for this period are 1 for Stars vs 0 for Condors.
Shots for this period are 10 for Stars vs 9 for Condors.

2nd period


0:01 of 2nd period - Connor Bunnaman wins face-off versus Hudson Elynuik in neutral zone.
0:32 of 2nd period - Icing by Mike Callahan.
0:33 of 2nd period - Ryan Olsen wins face-off versus Connor Bunnaman in Condors zone.
0:36 of 2nd period - Shot by Matteson Iacopelli.
0:36 of 2nd period - Stopped by Andrew Shortridge with a rebound.
0:46 of 2nd period - Shot by Joachim Blichfeld.
0:46 of 2nd period - Stopped by Matthew Villalta without a rebound.
0:47 of 2nd period - Jonathan Ang wins face-off versus Brad Morrison in Stars zone.
0:55 of 2nd period - Icing by Matthew Robertson.
0:56 of 2nd period - Jonathan Ang wins face-off versus Brad Morrison in Stars zone.
0:56 of 2nd period - Simon Fernholm is hit by Matthew Robertson and loses puck.
2:07 of 2nd period - Shot by Gabriel Bourque.
2:07 of 2nd period - Shot Misses the Net.
2:09 of 2nd period - Shot by Ilya Lyubushkin.
2:09 of 2nd period - Stopped by Andrew Shortridge without a rebound.
2:10 of 2nd period - Joachim Blichfeld wins face-off versus Kyle Olson in Condors zone.
2:10 of 2nd period - Joachim Blichfeld is hit by Matteson Iacopelli.
2:16 of 2nd period - Shot by Anthony Camara.
2:16 of 2nd period - Deflect By Connor Bunnaman.
2:16 of 2nd period - Stopped by Matthew Villalta without a rebound.
2:17 of 2nd period - Connor Bunnaman wins face-off versus Ryan Olsen in Stars zone.
2:20 of 2nd period - Shot by Anthony Camara.
2:20 of 2nd period - Stopped by Matthew Villalta without a rebound.
2:21 of 2nd period - Connor Bunnaman wins face-off versus Ryan Olsen in Stars zone.
2:23 of 2nd period - Joachim Blichfeld is hit by Joseph Cecconi and loses puck.
2:27 of 2nd period - Icing by Kyle Olson.
2:28 of 2nd period - Connor Bunnaman wins face-off versus Ryan Olsen in Stars zone.
2:28 of 2nd period - Connor Bunnaman is hit by Patrick McNally.
2:43 of 2nd period - Icing by Joseph Cecconi.
2:44 of 2nd period - Ryan Olsen wins face-off versus Brady Brassart in Stars zone.
2:54 of 2nd period - Icing by Joseph Masonius.
2:55 of 2nd period - Marcus Vela wins face-off versus Hudson Elynuik in Condors zone.
2:55 of 2nd period - Marcus Vela is hit by Hudson Elynuik.
3:06 of 2nd period - Shot by Marcus Vela.
3:06 of 2nd period - Shot Blocked by Nicholas Caamano.
3:08 of 2nd period - Shot by Joseph Masonius.
3:08 of 2nd period - Shot Misses the Net.
3:10 of 2nd period - Shot by Taylor Cammarata.
3:10 of 2nd period - Stopped by Matthew Villalta with a rebound.
3:21 of 2nd period - Icing by Gabriel Bourque.
3:22 of 2nd period - Joachim Blichfeld wins face-off versus Hudson Elynuik in Stars zone.
3:37 of 2nd period - Shot by Joachim Blichfeld.
3:37 of 2nd period - Goal by Joachim Blichfeld - Stars : 1 - Condors : 1.
3:38 of 2nd period - Jonathan Ang wins face-off versus Ryan Olsen in neutral zone.
4:08 of 2nd period - Linus Nassen is hit by Kyle Olson and loses puck.
4:13 of 2nd period - Shot by Kyle Olson.
4:13 of 2nd period - Shot Misses the Net.
4:15 of 2nd period - Shot by Kyle Olson.
4:15 of 2nd period - Goal by Kyle Olson - Stars : 2 - Condors : 1.
4:16 of 2nd period - Connor Bunnaman wins face-off versus Brad Morrison in neutral zone.
4:21 of 2nd period - Shot by Joachim Blichfeld.
4:21 of 2nd period - Shot Misses the Net.
4:23 of 2nd period - Shot by Connor Bunnaman.
4:23 of 2nd period - Stopped by Matthew Villalta without a rebound.
4:24 of 2nd period - Hudson Elynuik wins face-off versus Anthony Camara in Stars zone.
5:13 of 2nd period - Gabriel Bourque is hit by Joseph Masonius and loses puck.
5:52 of 2nd period - Shot by Matteson Iacopelli.
5:52 of 2nd period - Shot Blocked by Joseph Masonius.
6:04 of 2nd period - Shot by Ryan Olsen.
6:04 of 2nd period - Stopped by Andrew Shortridge without a rebound.
6:05 of 2nd period - Brad Morrison wins face-off versus Marcus Vela in Condors zone.
6:08 of 2nd period - Shot by Christoph Bertschy.
6:08 of 2nd period - Shot Misses the Net.
6:10 of 2nd period - Shot by Macoy Erkamps.
6:10 of 2nd period - Shot Blocked by Linus Nassen.
6:23 of 2nd period - Icing by Linus Nassen.
6:24 of 2nd period - Kyle Platzer wins face-off versus Marcus Vela in Condors zone.
6:24 of 2nd period - Matthew Robertson is hit by Linus Nassen and loses puck.
6:31 of 2nd period - Matthew Robertson is hit by Taylor Cammarata and loses puck.
6:45 of 2nd period - Icing by Macoy Erkamps.
6:46 of 2nd period - Matthew Strome wins face-off versus Connor Bunnaman in Stars zone.
6:51 of 2nd period - Shot by Connor Bunnaman.
6:51 of 2nd period - Shot Misses the Net.
6:57 of 2nd period - Shot by Joachim Blichfeld.
6:57 of 2nd period - Shot Misses the Net.
7:07 of 2nd period - Shot by Connor Bunnaman.
7:07 of 2nd period - Stopped by Matthew Villalta without a rebound.
7:08 of 2nd period - Jonathan Ang wins face-off versus Hudson Elynuik in Stars zone.
7:31 of 2nd period - Shot by Hudson Elynuik.
7:31 of 2nd period - Shot Misses the Net.
7:41 of 2nd period - Minor Penalty to Brett Pollock for Holding.
7:42 of 2nd period - Ryan Olsen wins face-off versus Joachim Blichfeld in Condors zone.
8:22 of 2nd period - Shot by Joseph Cecconi.
8:22 of 2nd period - Stopped by Andrew Shortridge without a rebound.
8:23 of 2nd period - Hudson Elynuik wins face-off versus Joachim Blichfeld in Condors zone.
8:56 of 2nd period - Shot by Nicholas Caamano.
8:56 of 2nd period - Stopped by Andrew Shortridge without a rebound.
8:57 of 2nd period - Ryan Olsen wins face-off versus Jonathan Ang in Condors zone.
9:10 of 2nd period - Shot by Patrick McNally.
9:10 of 2nd period - Shot Blocked by Seth Barton.
9:20 of 2nd period - Kyle Olson is hit by Jonathan Ang and loses puck.
9:49 of 2nd period - Shot by Christoph Bertschy.
9:49 of 2nd period - Stopped by Andrew Shortridge with a rebound.
10:11 of 2nd period - Shot by Matteo Gennaro.
10:11 of 2nd period - Shot Misses the Net.
11:03 of 2nd period - Shot by Marcus Vela.
11:03 of 2nd period - Stopped by Matthew Villalta with a rebound.
11:05 of 2nd period - Shot by Brady Brassart .
11:05 of 2nd period - Shot Misses the Net.
11:07 of 2nd period - Shot by Brady Brassart .
11:07 of 2nd period - Shot Misses the Net.
11:52 of 2nd period - Connor Bunnaman is hit by Joseph Cecconi.
12:02 of 2nd period - Shot by Brett Pollock.
12:02 of 2nd period - Shot Misses the Net.
12:04 of 2nd period - Shot by Jonathan Ang.
12:04 of 2nd period - Stopped by Matthew Villalta without a rebound.
12:05 of 2nd period - Jonathan Ang wins face-off versus Ryan Olsen in Stars zone.
12:05 of 2nd period - Matt Filipe is hit by Macoy Erkamps and loses puck.
12:12 of 2nd period - Shot by Jonathan Ang.
12:12 of 2nd period - Shot Blocked by Macoy Erkamps.
12:14 of 2nd period - Shot by Brett Pollock.
12:14 of 2nd period - Stopped by Matthew Villalta without a rebound.
12:15 of 2nd period - Matteo Gennaro wins face-off versus Hudson Elynuik in Stars zone.
12:15 of 2nd period - Tate Olson is hit by Patrick McNally and loses puck.
12:36 of 2nd period - Shot by Patrick McNally.
12:36 of 2nd period - Shot Blocked by Joseph Masonius.
12:38 of 2nd period - Shot by Patrick McNally.
12:38 of 2nd period - Shot Misses the Net.
12:40 of 2nd period - Shot by Gabriel Bourque.
12:40 of 2nd period - Stopped by Andrew Shortridge without a rebound.
12:41 of 2nd period - Ryan Olsen wins face-off versus Connor Bunnaman in Condors zone.
12:42 of 2nd period - Shot by Kyle Olson.
12:42 of 2nd period - Shot Misses the Net.
13:15 of 2nd period - Off-side.
13:16 of 2nd period - Hudson Elynuik wins face-off versus Jonathan Ang in neutral zone.
13:19 of 2nd period - Minor Penalty to Nicholas Caamano for Holding.
13:20 of 2nd period - Jonathan Ang wins face-off versus Gabriel Bourque in Stars zone.
13:34 of 2nd period - Shot by Matt Filipe.
13:34 of 2nd period - Goal by Matt Filipe - Stars : 2 - Condors : 2.
13:35 of 2nd period - Connor Bunnaman wins face-off versus Brad Morrison in neutral zone.
13:54 of 2nd period - Shot by Anthony Camara.
13:54 of 2nd period - Shot Blocked by Ryan Rupert.
14:27 of 2nd period - Shot by Nicholas Caamano.
14:27 of 2nd period - Shot Blocked by Tate Olson.
14:29 of 2nd period - Shot by Nicholas Caamano.
14:29 of 2nd period - Shot Misses the Net.
14:38 of 2nd period - Hudson Elynuik is hit by Joseph Masonius and loses puck.
15:23 of 2nd period - Shot by Kyle Olson.
15:23 of 2nd period - Stopped by Andrew Shortridge without a rebound.
15:24 of 2nd period - Kyle Platzer wins face-off versus Jonathan Ang in Condors zone.
15:27 of 2nd period - Shot by Matthew Strome.
15:27 of 2nd period - Shot Misses the Net.
15:29 of 2nd period - Shot by Joseph Cecconi.
15:29 of 2nd period - Shot Blocked by Mike Callahan.
15:31 of 2nd period - Shot by Matthew Strome.
15:31 of 2nd period - Shot Blocked by Jonathan Ang.
15:33 of 2nd period - Shot by Joseph Cecconi.
15:33 of 2nd period - Shot Blocked by Seth Barton.
15:50 of 2nd period - Icing by Matthew Strome.
15:51 of 2nd period - Marcus Vela wins face-off versus Kyle Platzer in Stars zone.
15:51 of 2nd period - Marcus Vela is hit by Patrick McNally.
16:01 of 2nd period - Shot by Patrick McNally.
16:01 of 2nd period - Stopped by Andrew Shortridge with a rebound.
16:03 of 2nd period - Shot by Joseph Cecconi.
16:03 of 2nd period - Shot Misses the Net.
16:35 of 2nd period - Off-side.
16:36 of 2nd period - Jonathan Ang wins face-off versus Hudson Elynuik in neutral zone.
16:43 of 2nd period - Shot by Matt Filipe.
16:43 of 2nd period - Deflect By Brett Pollock.
16:43 of 2nd period - Shot Blocked by Gabriel Bourque.
16:45 of 2nd period - Shot by Matt Filipe.
16:45 of 2nd period - Stopped by Matthew Villalta without a rebound.
16:46 of 2nd period - Matteo Gennaro wins face-off versus Brad Morrison in Stars zone.
16:47 of 2nd period - Shot by Pascal Laberge.
16:47 of 2nd period - Stopped by Matthew Villalta without a rebound.
16:48 of 2nd period - Jonathan Ang wins face-off versus Hudson Elynuik in Stars zone.
16:49 of 2nd period - Shot by Brett Pollock.
16:49 of 2nd period - Stopped by Matthew Villalta with a rebound.
17:06 of 2nd period - Shot by Nicholas Caamano.
17:06 of 2nd period - Shot Misses the Net.
18:10 of 2nd period - Linus Nassen is hit by Ryan Olsen and loses puck.
18:28 of 2nd period - Icing by Joseph Cecconi.
18:29 of 2nd period - Connor Bunnaman wins face-off versus Ryan Olsen in Stars zone.
18:34 of 2nd period - Shot by Joachim Blichfeld.
18:34 of 2nd period - Shot Hit the Post.
18:36 of 2nd period - Shot by Connor Bunnaman.
18:36 of 2nd period - Shot Misses the Net.
18:40 of 2nd period - Shot by Anthony Camara.
18:40 of 2nd period - Shot Blocked by Patrick McNally.
18:44 of 2nd period - Shot by Connor Bunnaman.
18:44 of 2nd period - Shot Misses the Net.
18:46 of 2nd period - Shot by Connor Bunnaman.
18:46 of 2nd period - Stopped by Matthew Villalta without a rebound.
18:47 of 2nd period - Brad Morrison wins face-off versus Jonathan Ang in Stars zone.
19:12 of 2nd period - Shot by Jonathan Ang.
19:12 of 2nd period - Deflect By Matt Filipe.
19:12 of 2nd period - Shot Blocked by Brad Morrison.
19:14 of 2nd period - Shot by Jonathan Ang.
19:14 of 2nd period - Stopped by Matthew Villalta with a rebound.
19:26 of 2nd period - Shot by Jonathan Ang.
19:26 of 2nd period - Stopped by Matthew Villalta with a rebound.
19:51 of 2nd period - Shot by Nicholas Caamano.
19:51 of 2nd period - Shot Misses the Net.
Goals for this period are 1 for Stars vs 2 for Condors.
Shots for this period are 10 for Stars vs 17 for Condors.

3rd period


0:01 of 3rd period - Connor Bunnaman wins face-off versus Hudson Elynuik in neutral zone.
0:04 of 3rd period - Shot by Connor Bunnaman.
0:04 of 3rd period - Shot Misses the Net.
0:06 of 3rd period - Shot by Anthony Camara.
0:06 of 3rd period - Shot Misses the Net.
0:32 of 3rd period - Shot by Nicholas Caamano.
0:32 of 3rd period - Deflect By Gabriel Bourque.
0:32 of 3rd period - Shot Misses the Net.
1:42 of 3rd period - Shot by Taylor Cammarata.
1:42 of 3rd period - Shot Misses the Net.
1:44 of 3rd period - Shot by Joseph Masonius.
1:44 of 3rd period - Shot Misses the Net.
1:46 of 3rd period - Shot by Taylor Cammarata.
1:46 of 3rd period - Stopped by Matthew Villalta without a rebound.
1:47 of 3rd period - Brad Morrison wins face-off versus Matteo Gennaro in Stars zone.
1:58 of 3rd period - Shot by Matteo Gennaro.
1:58 of 3rd period - Shot Misses the Net.
2:31 of 3rd period - Icing by Christoph Bertschy.
2:32 of 3rd period - Connor Bunnaman wins face-off versus Brad Morrison in Stars zone.
3:18 of 3rd period - Off-side.
3:19 of 3rd period - Jonathan Ang wins face-off versus Ryan Olsen in neutral zone.
3:27 of 3rd period - Shot by Jonathan Ang.
3:27 of 3rd period - Deflect By Matt Filipe.
3:27 of 3rd period - Stopped by Matthew Villalta without a rebound.
3:28 of 3rd period - Marcus Vela wins face-off versus Hudson Elynuik in Stars zone.
3:39 of 3rd period - Shot by Ilya Lyubushkin.
3:39 of 3rd period - Shot Misses the Net.
3:52 of 3rd period - Taylor Cammarata is hit by Ilya Lyubushkin.
3:54 of 3rd period - Shot by Brady Brassart .
3:54 of 3rd period - Stopped by Matthew Villalta with a rebound.
3:56 of 3rd period - Shot by Marcus Vela.
3:56 of 3rd period - Stopped by Matthew Villalta without a rebound.
3:57 of 3rd period - Jonathan Ang wins face-off versus Ryan Olsen in Stars zone.
3:57 of 3rd period - Brett Pollock is hit by Patrick McNally and loses puck.
4:11 of 3rd period - Icing by Tate Olson.
4:12 of 3rd period - Jonathan Ang wins face-off versus Kyle Platzer in Condors zone.
4:17 of 3rd period - Shot by Joseph Masonius.
4:17 of 3rd period - Shot Misses the Net.
5:03 of 3rd period - Icing by Seth Barton.
5:04 of 3rd period - Hudson Elynuik wins face-off versus Connor Bunnaman in Condors zone.
5:27 of 3rd period - Anthony Camara is hit by Joseph Cecconi and loses puck.
5:39 of 3rd period - Shot by Hudson Elynuik.
5:39 of 3rd period - Stopped by Andrew Shortridge with a rebound.
5:41 of 3rd period - Shot by Gabriel Bourque.
5:41 of 3rd period - Stopped by Andrew Shortridge without a rebound.
5:42 of 3rd period - Marcus Vela wins face-off versus Kyle Olson in Condors zone.
7:37 of 3rd period - Shot by Connor Bunnaman.
7:37 of 3rd period - Stopped by Matthew Villalta without a rebound.
7:38 of 3rd period - Hudson Elynuik wins face-off versus Matteo Gennaro in Stars zone.
7:38 of 3rd period - Nicholas Caamano is hit by Matteo Gennaro and loses puck.
7:46 of 3rd period - Minor Penalty to Linus Nassen for Interference.
7:47 of 3rd period - Joachim Blichfeld wins face-off versus Hudson Elynuik in Condors zone.
7:47 of 3rd period - Joachim Blichfeld is hit by Hudson Elynuik.
8:03 of 3rd period - Shot by Joachim Blichfeld.
8:03 of 3rd period - Stopped by Matthew Villalta without a rebound.
8:04 of 3rd period - Hudson Elynuik wins face-off versus Joachim Blichfeld in Stars zone.
8:57 of 3rd period - Shot by Nicolas Beaudin.
8:57 of 3rd period - Shot Misses the Net.
8:59 of 3rd period - Shot by Brad Morrison.
8:59 of 3rd period - Goal by Brad Morrison - Stars : 3 - Condors : 2.
9:00 of 3rd period - Kyle Platzer wins face-off versus Marcus Vela in neutral zone.
9:06 of 3rd period - Icing by Linus Nassen.
9:07 of 3rd period - Brady Brassart wins face-off versus Brad Morrison in Condors zone.
9:07 of 3rd period - Brady Brassart is hit by Ryan Rupert.
9:13 of 3rd period - Shot by Brady Brassart .
9:13 of 3rd period - Stopped by Matthew Villalta without a rebound.
9:14 of 3rd period - Jonathan Ang wins face-off versus Brad Morrison in Stars zone.
9:23 of 3rd period - Shot by Jonathan Ang.
9:23 of 3rd period - Goal by Jonathan Ang - Stars : 3 - Condors : 3.
9:24 of 3rd period - Marcus Vela wins face-off versus Hudson Elynuik in neutral zone.
9:42 of 3rd period - Shot by Gabriel Bourque.
9:42 of 3rd period - Stopped by Andrew Shortridge without a rebound.
9:43 of 3rd period - Ryan Olsen wins face-off versus Connor Bunnaman in Condors zone.
10:13 of 3rd period - Joachim Blichfeld is hit by Joseph Cecconi and loses puck.
10:29 of 3rd period - Icing by Matteson Iacopelli.
10:30 of 3rd period - Ryan Olsen wins face-off versus Jonathan Ang in Stars zone.
10:59 of 3rd period - Shot by Brett Pollock.
10:59 of 3rd period - Stopped by Matthew Villalta without a rebound.
11:00 of 3rd period - Hudson Elynuik wins face-off versus Marcus Vela in Stars zone.
11:00 of 3rd period - Hudson Elynuik is hit by Marcus Vela.
11:37 of 3rd period - Shot by Gabriel Bourque.
11:37 of 3rd period - Shot Misses the Net.
11:50 of 3rd period - Off-side.
11:51 of 3rd period - Brad Morrison wins face-off versus Connor Bunnaman in neutral zone.
12:10 of 3rd period - Shot by Ryan Rupert.
12:10 of 3rd period - Stopped by Andrew Shortridge with a rebound.
12:12 of 3rd period - Shot by Matthew Robertson.
12:12 of 3rd period - Shot Misses the Net.
12:16 of 3rd period - Shot by Christoph Bertschy.
12:16 of 3rd period - Stopped by Andrew Shortridge with a rebound.
12:18 of 3rd period - Shot by Ryan Rupert.
12:18 of 3rd period - Shot Misses the Net.
12:20 of 3rd period - Shot by Ryan Rupert.
12:20 of 3rd period - Shot Misses the Net.
12:22 of 3rd period - Shot by Matthew Robertson.
12:22 of 3rd period - Stopped by Andrew Shortridge without a rebound.
12:23 of 3rd period - Jonathan Ang wins face-off versus Kyle Platzer in Condors zone.
13:17 of 3rd period - Icing by Seth Barton.
13:18 of 3rd period - Matteo Gennaro wins face-off versus Hudson Elynuik in Condors zone.
13:18 of 3rd period - Matteo Gennaro is hit by Hudson Elynuik.
13:21 of 3rd period - Mike Callahan is hit by Hudson Elynuik and loses puck.
13:37 of 3rd period - Minor Penalty to Ilya Lyubushkin for Hooking.
13:38 of 3rd period - Connor Bunnaman wins face-off versus Gabriel Bourque in Stars zone.
13:49 of 3rd period - Shot by Connor Bunnaman.
13:49 of 3rd period - Deflect By Joachim Blichfeld.
13:49 of 3rd period - Stopped by Matthew Villalta without a rebound.
13:50 of 3rd period - Gabriel Bourque wins face-off versus Jonathan Ang in Stars zone.
13:50 of 3rd period - Gabriel Bourque is hit by Matt Filipe.
14:23 of 3rd period - Shot by Seth Barton.
14:23 of 3rd period - Stopped by Matthew Villalta without a rebound.
14:24 of 3rd period - Ryan Olsen wins face-off versus Connor Bunnaman in Stars zone.
14:34 of 3rd period - Icing by Joachim Blichfeld.
14:35 of 3rd period - Anthony Camara wins face-off versus Hudson Elynuik in Condors zone.
15:40 of 3rd period - Shot by Jonathan Ang.
15:40 of 3rd period - Shot Misses the Net.
15:42 of 3rd period - Shot by Jonathan Ang.
15:42 of 3rd period - Stopped by Matthew Villalta without a rebound.
15:43 of 3rd period - Brad Morrison wins face-off versus Brett Pollock in Stars zone.
15:55 of 3rd period - Brett Pollock is hit by Ilya Lyubushkin and loses puck.
16:14 of 3rd period - Shot by Ryan Rupert.
16:14 of 3rd period - Stopped by Andrew Shortridge with a rebound.
16:16 of 3rd period - Shot by Nicolas Beaudin.
16:16 of 3rd period - Shot Blocked by Seth Barton.
16:18 of 3rd period - Shot by Brad Morrison.
16:18 of 3rd period - Shot Misses the Net.
16:28 of 3rd period - Macoy Erkamps is hit by Matt Filipe and loses puck.
16:51 of 3rd period - Icing by Mike Callahan.
16:52 of 3rd period - Jonathan Ang wins face-off versus Hudson Elynuik in Condors zone.
19:18 of 3rd period - Shot by Jonathan Ang.
19:18 of 3rd period - Goal by Jonathan Ang - Stars : 3 - Condors : 4.
19:19 of 3rd period - Connor Bunnaman wins face-off versus Hudson Elynuik in neutral zone.
19:29 of 3rd period - Stars, Matthew Villalta is pulled from the net.
19:29 of 3rd period - Shot by Macoy Erkamps.
19:29 of 3rd period - Stopped by Andrew Shortridge with a rebound.
19:32 of 3rd period - Ilya Lyubushkin is hit by Simon Fernholm and loses puck.
19:45 of 3rd period - Nicholas Caamano is hit by Joseph Masonius and loses puck.
19:50 of 3rd period - Shot by Gabriel Bourque.
19:50 of 3rd period - Shot Blocked by Joseph Masonius.
19:52 of 3rd period - Shot by Ilya Lyubushkin.
19:52 of 3rd period - Stopped by Andrew Shortridge with a rebound.
19:54 of 3rd period - Shot by Hudson Elynuik.
19:54 of 3rd period - Stopped by Andrew Shortridge without a rebound.
19:55 of 3rd period - Marcus Vela wins face-off versus Hudson Elynuik in Condors zone.
19:55 of 3rd period - Joachim Blichfeld is hit by Hudson Elynuik and loses puck.
Goals for this period are 1 for Stars vs 2 for Condors.
Shots for this period are 11 for Stars vs 13 for Condors.